 Dungeon Crawl Stone Soup version 0.29.1-12-g30fa7ad0bf (webtiles) character file.

Game seed: 1569865117505445498

17671 cheesebisquit the Severer (level 12, 0/110 HPs)
             Began as a Minotaur Berserker on Dec 15, 2022.
             Was an Elder of Trog.
             Slain by a catoblepas (4 damage)
             ... while petrified by a catoblepas
             ... on level 11 of the Dungeon.
             The game lasted 00:53:58 (12372 turns).

cheesebisquit the Severer (Minotaur Berserker)     Turns: 12372, Time: 00:53:59

Health: 0/110      AC: 19    Str: 27    XL:     12   Next: 20%
Magic:  0/11       EV:  2    Int:  4    God:    Trog [****..]
Gold:   995        SH:  0    Dex: 14    Spells: 11/11 levels left

rFire   . . .      SeeInvis .   a - +1 war axe (protect)
rCold   . . .      Faith    .   n - +1 buckler
rNeg    + + +      Spirit   +   G - +0 plate armour
rPois   ∞          Reflect  .   (helmet restricted)
rElec   .          Harm     .   g - +0 cloak
rCorr   .          Rampage  .   i - +1 pair of gloves
Will    ++...                   (no boots)
Stlth   ..........              e - amulet of guardian spirit
HPRegen 1.28/turn               s - +4 ring of evasion
MPRegen 0.12/turn               o - ring of Uxok {Wiz Dex+4}

@: petrified, strong-willed, spiked, regenerating
A: horns 2, retaliatory headbutt
a: Renounce Religion, Berserk, Trog's Hand, Brothers in Arms


You were on level 11 of the Dungeon.
You worshipped Trog.
Trog was greatly pleased with you.
You visited 1 branch of the dungeon, and saw 12 of its levels.
You also visited: Ossuary.

You collected 995 gold pieces.

Inventory:

Hand Weapons
 a - a +1 war axe of protection (weapon)
 b - a +0 sling
 E - a +1 morningstar of protection
Missiles
 t - 103 stones (quivered)
 u - 6 curare-tipped darts
 B - 10 throwing nets
 I - 20 poisoned darts
Armour
 g - a +0 cloak (worn)
 i - a +1 pair of gloves (worn)
 n - a +1 buckler (worn)
 z - a scarf of repulsion
 G - a +0 plate armour (worn)
Jewellery
 e - an amulet of guardian spirit (around neck)
 o - the ring of Uxok (right hand) {Wiz Dex+4}
   (You took it off a goblin on level 2 of the Dungeon)

   [ring of wizardry]

   It improves your spell success rate.
   Dex:       It affects your dexterity (+4).
 s - a +4 ring of evasion (left hand)
 D - a ring of willpower
 M - a ring of ice
Wands
 m - a wand of iceblast (20)
 r - a wand of quicksilver (3)
 x - a wand of mindburst (13)
 A - a wand of charming (19)
 K - a wand of flame (23)
Scrolls
 f - 2 scrolls of fear
 h - a scroll of silence
 q - 8 scrolls of teleportation
 v - 2 scrolls of torment
 w - 2 scrolls of magic mapping
 y - 2 scrolls of poison
 J - 4 scrolls of identify
Potions
 c - 2 potions of haste
 d - 3 potions of mutation
 k - 4 potions of attraction
 l - 15 potions of curing
 p - 4 potions of lignification
 C - 2 potions of flight
 F - 2 potions of might
 H - a potion of cancellation
 L - a potion of ambrosia {unknown}


   Skills:
 - Level 11.5 Fighting
 - Level 17.0 Axes
 - Level 11.1 Armour
 - Level 2.3 Dodging
 + Level 7.5 Shields


You had 11 spell levels left.
You didn't know any spells.
Your spell library was empty.

Dungeon Overview and Level Annotations

Branches:
Dungeon (12/15)            Temple (0/1) D:5            Lair (0/5) D:10
Ossuary (visited)
    Orc: D:9-12

Altars:
Elyvilon
Kikubaaqudgha
Makhleb
Qazlal
Trog
Uskayaw
Vehumet
Wu Jian
Xom
Yredelemnul
Zin
The Shining One

Shops:
D:4 *   D:5 (


Innate Abilities, Weirdness & Mutations

You have a pair of horns on your head.
You reflexively headbutt those who attack you in melee.


Message History

The catoblepas gores you but does no damage.
Your limbs are stiffening.
The barbed spikes dig painfully into your body as you move.
You climb upwards.
You have turned to stone.
The catoblepas gores you!!
* * * LOW HITPOINT WARNING * * *
The catoblepas gores you but does no damage.
The catoblepas gores you!
* * * LOW HITPOINT WARNING * * *
The catoblepas completely misses you. The catoblepas gores you!
* * * LOW HITPOINT WARNING * * *
The catoblepas breathes a plume of calcifying dust at you.
The blast of calcifying dust hits you but does no damage.
The blast of calcifying dust hits the catoblepas.
You are engulfed in calcifying dust.
The catoblepas breathes a plume of calcifying dust at you.
The blast of calcifying dust hits you.
* * * LOW HITPOINT WARNING * * *
The blast of calcifying dust hits the catoblepas.
The catoblepas breathes a plume of calcifying dust at you.
The blast of calcifying dust hits you but does no damage.
The blast of calcifying dust hits the catoblepas but does no damage.
You are engulfed in calcifying dust.
The catoblepas gores you. The catoblepas gores you!!
* * * LOW HITPOINT WARNING * * *
You are engulfed in calcifying dust.
The catoblepas gores you!
* * * LOW HITPOINT WARNING * * *
The catoblepas gores you but does no damage.
The catoblepas gores you!!
* * * LOW HITPOINT WARNING * * *
The catoblepas breathes a plume of calcifying dust at you.
The blast of calcifying dust hits you but does no damage.
The blast of calcifying dust hits the catoblepas.
You are engulfed in calcifying dust.
The catoblepas gores you but does no damage.
The catoblepas gores you.
* * * LOW HITPOINT WARNING * * *
You are engulfed in calcifying dust.
The catoblepas gores you!
You die...

#.....#####.........
###................#
###### #####.###........#
.....# #.# #.#####.##
####.# ###.###.#####.# #.#
#.............# #.#
#.#.###.#####.# #.#
###########.#.###.# #.#
#.###...§.§.Y@Y§..#...#
#.#
#.##...########...#.###
#.# #..........# #...#.##
#.#
####...###.####......##
#.## ##.##
#........#.#.### #... #.#
######..##.....###.## #.#
#.............# #.#
##.#.#.##.#####
#.##########.##.###.######


You could see 2 catoblepae.

Vanquished Creatures
  Fannar (D:11)
  Erolcha (D:10)
  3 death yaks (D:10)
  Erica (D:10)
  A two-headed ogre (D:6)
  Amaemon (D:9)
  Lodul (D:11)
  2 cyclopes (D:11)
  An orange demon (D:9)
  A merfolk (D:11)
  A troll (D:11)
  A shadow (D:11)
  A vampire (D:10)
  4 yaks (D:9)
  3 wyverns
  Sigmund (D:3)
  5 steam dragons
  2 water moccasins
  2 acid dragons (D:8)
  2 sky beasts (D:8)
  2 black bears (D:5)
  18 ogres
  4 orc warriors
  6 centaurs
  3 phantoms
  4 kobold brigands
  A bullfrog (D:7)
  16 scorpions
  4 gnoll sergeants
  3 necrophages
  14 wights
  5 killer bees (D:10)
  A crimson imp (D:3)
  16 howler monkeys
  3 centaur zombies (Ossuary)
  3 human zombies (Ossuary)
  3 gnoll boudas
  11 hounds
  A jelly (D:6)
  9 orc priests
  3 scorpion zombies (Ossuary)
  Ijyb (D:4)
  5 iguanas
  21 orc wizards
  A hell rat (D:10)
  3 mummies (Ossuary)
  29 gnolls
  12 adders
  3 shadow imps (D:5)
  4 white imps
  3 ufetubi
  A worm (D:4)
  A dart slug (D:1)
  37 orcs
  7 endoplasms
  A giant cockroach (D:4)
  2 goblins (D:2)
  5 hobgoblins
  12 jackals
  3 quokkas
  6 ball pythons
  5 bats
  A gnoll zombie (Ossuary)
  2 goblin skeletons (D:3)
  2 goblin zombies
  5 hobgoblin zombies
  11 kobolds
  5 kobold zombies
  3 orc zombies
  4 rats
360 creatures vanquished.

Vanquished Creatures (others)
  A wizard (D:5)
  2 fungi (D:5)
  2 plants (D:6)
  4 toadstools (D:5)
9 creatures vanquished.

Grand Total: 369 creatures vanquished

Notes
Turn   | Place    | Note
-------+----------+-------------------------------------------
     0 | D:1      | cheesebisquit the Minotaur Berserker began the quest for
                  | the Orb.
     0 | D:1      | Reached XP level 1. HP: 19/19 MP: 0/0
   196 | D:1      | Reached XP level 2. HP: 27/27 MP: 1/1
   308 | D:1      | Reached skill level 4 in Axes
   527 | D:1      | Found a faded altar of an unknown god.
   967 | D:2      | Reached XP level 3. HP: 10/33 MP: 0/2
  1207 | D:1      | Reached skill level 5 in Axes
  1599 | D:2      | Reached ** piety under Trog
  1602 | D:2      | Reached XP level 4. HP: 36/40 MP: 0/3
  1677 | D:2      | Identified the ring of Uxok {Wiz Dex+4}
  2075 | D:3      | Reached skill level 6 in Axes
  2159 | D:3      | Found a basalt altar of Yredelemnul.
  2356 | D:3      | Found a glowing golden altar of the Shining One.
  2360 | D:3      | Noticed Sigmund
  2362 | D:3      | Reached XP level 5. HP: 46/46 MP: 4/4
  2394 | D:3      | Killed Sigmund
  2395 | D:3      | Reached skill level 8 in Axes
  2395 | D:3      | Reached XP level 6. HP: 27/52 MP: 1/5
  2841 | D:4      | Reached skill level 9 in Axes
  2928 | D:4      | Found Lixzit's Assorted Antiques.
  3196 | D:4      | Reached XP level 7. HP: 58/58 MP: 6/6
  3663 | D:4      | Reached skill level 10 in Axes
  3771 | D:4      | Noticed Ijyb
  3778 | D:4      | Killed Ijyb
  4066 | D:5      | Entered Level 5 of the Dungeon
  4199 | D:5      | Reached skill level 11 in Axes
  4272 | D:5      | Reached *** piety under Trog
  4360 | D:5      | Reached XP level 8. HP: 66/66 MP: 7/7
  4389 | D:5      | Reached skill level 12 in Axes
  4413 | D:5      | Found a white marble altar of Elyvilon.
  4421 | D:5      | Found Kyal's Weapon Shoppe.
  4542 | D:5      | Found a staircase to the Ecumenical Temple.
  4670 | D:5      | Found a bloodstained altar of Trog.
  4760 | D:5      | Reached skill level 13 in Axes
  4910 | D:5      | Noticed a wizard
  4913 | D:5      | Killed a wizard
  5182 | D:6      | Reached skill level 14 in Axes
  5210 | D:6      | Reached XP level 9. HP: 68/68 MP: 6/8
  5392 | D:6      | Found a glowing silver altar of Zin.
  5450 | D:6      | Found an ornate altar of the Wu Jian Council.
  5487 | D:6      | Found a shimmering altar of Xom.
  5509 | D:6      | Found a stormy altar of Qazlal.
  5521 | D:6      | Reached skill level 15 in Axes
  5884 | D:6      | Reached skill level 16 in Axes
  5906 | D:6      | Reached **** piety under Trog
  6649 | D:6      | Noticed a two-headed ogre
  6656 | D:6      | Killed a two-headed ogre
  6657 | D:6      | Reached skill level 17 in Axes
  6657 | D:6      | Reached XP level 10. HP: 78/78 MP: 7/9
  6796 | D:6      | Reached skill level 5 in Fighting
  7375 | D:7      | Reached skill level 5 in Armour
  7480 | D:7      | Found a sand-covered staircase.
  7487 | Ossuary  | Entered an ossuary
  7972 | D:7      | Reached ***** piety under Trog
  8381 | D:8      | Found a burning altar of Makhleb.
  9007 | D:8      | Reached XP level 11. HP: 95/95 MP: 10/10
  9825 | D:9      | Found a radiant altar of Vehumet.
  9835 | D:9      | Noticed Amaemon
  9845 | D:9      | Killed Amaemon
 10351 | D:10     | Entered Level 10 of the Dungeon
 10351 | D:10     | You fall into a shaft and drop 1 floor!
 10482 | D:10     | Reached skill level 10 in Fighting
 10570 | D:10     | Noticed a death yak
 10583 | D:10     | Killed a death yak
 10584 | D:10     | Noticed a death yak
 10584 | D:10     | Noticed a death yak
 10588 | D:10     | Reached skill level 10 in Armour
 10592 | D:10     | Killed a death yak
 10599 | D:10     | Found a staircase to the Lair.
 10599 | D:10     | Noticed Erolcha
 10607 | D:10     | Killed a death yak
 10623 | D:10     | Killed Erolcha
 10959 | D:10     | Noticed Erica
 10969 | D:10     | Killed Erica
 11049 | D:10     | Found an ancient bone altar of Kikubaaqudgha.
 11083 | D:10     | Reached skill level 1 in Shields
 11120 | D:10     | Found a hide-covered altar of Uskayaw.
 11237 | D:11     | Noticed Lodul
 11251 | D:11     | Killed Lodul
 11260 | D:11     | Reached XP level 12. HP: 99/110 MP: 6/11
 11522 | D:11     | Reached skill level 5 in Shields
 12115 | D:11     | Noticed Fannar
 12292 | D:11     | Killed Fannar
 12344 | D:12     | Noticed a catoblepas
 12344 | D:12     | Noticed a catoblepas
 12370 | D:11     | HP: 2/110 [catoblepas (10)]
 12372 | D:11     | Slain by a catoblepas

Illustrated notes

Levels and vault maps discovered:
D:1:      roderic_dead_forest, layout_rooms, shapermc_ecumenical_altar_pompeii,
          minivault_4
D:2:      layout_rooms
D:3:      layout_rooms, nicolae_tso_besieged_by_evil, mainiacjoe_overflow_paths,
          uniq_sigmund
D:4:      nicolae_cairo_tiling, layout_basic, serial_shops,
          nicolae_shop_overgrown_old_shop, grunt_ministairs_12,
          uniq_crazy_yiuf_cottage, uniq_ijyb
D:5:      minmay_chambers_of_threes, layout_cave_pools, trog_wizard,
          elyvilon_altar_5, minmay_temple_entry_enclosed_plants, serial_demonic,
          serial_demonic_e, serial_demonic_e, serial_demonic_c,
          serial_demonic_c, serial_shops,
          nicolae_shop_competitors_out_of_business, nrook_uturn,
          minmay_gold_behind_fungi, hangedman_decor_peaks_small,
          kennysheep_generic_room_6
D:6:      lemuel_castle_with_subvaults [lemuel_castle_interior_carwin_1],
          layout_layer_cave, nicolae_overflow_hidden_temple, lemuel_round_altar,
          mainiacjoe_overflow_boulevard, lemuel_tele_altar
D:7:      layout_loops_ring, lightli_ossuary_entry_decrepit_ruins,
          dreamdust_princess_bridge, st_stairs_7
D:8:      minmay_flawed_box, layout_cave_pools, mainiacjoe_overflow_catwalk,
          hangedman_decor_clover_reticule
D:9:      layout_roguey, nicolae_overflow_crystal_walls, grunt_decor_resistance,
          grunt_ministairs_11, bh_walls_and_bars, uniq_amaemon
D:10:     layout_loops_ring, mainiacjoe_overflow_alcove_4, kennysheep_mini,
          dpeg_lair_monsters, uniq_erica, uniq_erolcha
D:11:     layout_loops_ring, hangedman_fish_farm, uniq_lodul, uniq_fannar
D:12:     nzn_motion_control, layout_basic, minmay_orc_entry_temple_small,
          uniq_nergalle, uniq_josephine

Skill      XL: |  1  2  3  4  5  6  7  8  9 10 11 12 |
---------------+-------------------------------------+-----
Axes           | 4 5 6 8 9 11 14 17 | 17.0
Fighting       | 8 11 | 11.5
Armour         | 8 11 | 11.1
Shields        | 4 7 |  7.5
Dodging        | |  2.3

Action                   |  1- 3 |  4- 6 |  7- 9 | 10-12 || total
-------------------------+-------+-------+-------+-------++-------
Melee: Hand axe          |    50 |   102 |       |       ||   152
       Headbutt          |    10 |    19 |    43 |    99 ||   171
       War axe           |       |    15 |   265 |   472 ||   752
       Punch             |       |       |     1 |       ||     1
Invok: Berserk           |     2 |     2 |     9 |    18 ||    31
       Trog's Hand       |       |     2 |     2 |    14 ||    18
  Use: Scroll            |       |     4 |     8 |    18 ||    30
       Potion            |       |       |       |     4 ||     4
 Stab: Distracted        |       |     1 |       |       ||     1
Armor: Animal skin       |     8 |     6 |       |       ||    14
       Ring mail         |       |    22 |     1 |       ||    23
       Scale mail        |       |       |    40 |       ||    40
       Plate armour      |       |       |    13 |   175 ||   188
Dodge: Dodged            |    32 |    85 |   173 |   160 ||   450
       Repelled          |       |       |     3 |     1 ||     4
Block: Buckler           |       |       |       |    66 ||    66
